Map: [ESL] Site Delta

Players

NiCe

  • Race: Protoss Protoss
  • League: Master
  • Spawn Location: 5:00

cyan - Winner!

  • Race: Protoss Protoss
  • League: Master
  • Spawn Location: 11:00

VOD

Have the link to the VOD?

Description

Time

  • Played on: Dec. 28, 2023, 11:11 a.m.
  • Length: 4:22
Show
View Real Time Build Order
Export as new Build Order

NiCe Protoss 

Build Orders:  

Get SALT Encoding   

  12  0:00  Probe  
  13  0:12  Probe  
  14  0:20  Pylon  
  14  0:25  Probe  
  15  0:38  Gateway, Probe (Chrono Boost)  
  16  0:48  Assimilator  
  16  0:49  Probe (Chrono Boost)  
  17  0:53  Probe (Chrono Boost)  
  18  1:04  Probe  
  19  1:16  Probe  
  20  1:18  Pylon  
  20  1:27  Zealot  
  20  1:28  Probe  
  20  1:29  Cybernetics Core  
  20  1:31  Pylon  
  23  1:37  Assimilator  
  23  1:40  Probe  
  24  1:53  Probe  
  25  2:01  Pylon  
  25  2:03  Stalker (Chrono Boost)  
  25  2:05  Probe  
  25  2:06  Warp Gate  
  28  2:17  Pylon  
  28  2:23  Stalker (Chrono Boost)  
  30  2:34  Nexus  
  30  2:50  Pylon  
  30  2:51  Stalker  
  31  2:56  Twilight Council  
  31  3:10  Probe  
  30  3:22  Probe (Chrono Boost)  
  31  3:32  Gateway  
  31  3:36  Probe (Chrono Boost)  
  30  3:52  Probe  
  30  3:53  Probe  
  28  3:59  Stalker  
  30  4:04  Probe  
  30  4:05  Probe  
Show
View Real Time Build Order
Export as new Build Order

cyan Protoss - Winner!

Build Orders: Oracle Opening 

Get SALT Encoding   

  12  0:00  Probe  
  13  0:12  Probe  
  14  0:18  Pylon  
  14  0:24  Probe  
  15  0:36  Probe (Chrono Boost)  
  15  0:38  Gateway  
  16  0:46  Probe (Chrono Boost)  
  16  0:49  Assimilator  
  17  0:51  Probe (Chrono Boost)  
  17  0:56  Assimilator  
  18  1:03  Probe (Chrono Boost)  
  19  1:05  Pylon  
  19  1:15  Probe (Chrono Boost)  
  20  1:21  Probe (Chrono Boost)  
  21  1:26  Cybernetics Core  
  21  1:29  Probe  
  22  1:32  Zealot  
  24  1:42  Probe  
  25  1:50  Pylon  
  25  1:55  Probe  
  26  2:04  Stargate  
  26  2:10  Adept (Chrono Boost), Pylon  
  28  2:21  Pylon  
  28  2:29  Probe  
  28  2:33  Stalker  
  34  2:55  Void Ray (Chrono Boost)  
  34  3:04  Nexus  
  34  3:06  Probe  
  35  3:18  Probe  
  32  3:21  Twilight Council  
  32  3:30  Probe  
  33  3:40  Oracle  
  36  3:42  Probe  
  37  3:51  Pylon  
  37  3:54  Probe  
  38  4:06  Probe  
Tags
 
Matchup
PvP
Player
CyanNice
Replay Pack
December 2023
Spawn Locations
Cross Positions
Add a new tag
Caveats
  • Supply blocks, unpowered buildings, or Contaminate may cause inaccurate times.
  • Supply counts are checked every 10 seconds.